 Dungeon Crawl Stone Soup version 0.29-a0-207-gf982a884d8 (webtiles) character file.

Game seed: 18296942658404217742

50 jlumianski the Firebug (level 3, -4/24 HPs)
             Began as a Demonspawn Fire Elementalist on Feb 23, 2022.
             Slain by a gnoll
             ... wielding a +0 halberd
              (13 damage)
             ... on level 1 of the Dungeon on Feb 24, 2022.
             The game lasted 00:14:15 (1823 turns).

jlumianski the Firebug (DsFE)                       Turns: 1823, Time: 00:14:18

Health: -4/24      AC:  5    Str: 10    XL:     3   Next: 55%
Magic:  4/6        EV: 11    Int: 16    God:
Gold:   5          SH:  0    Dex: 13    Spells: 5/6 levels left

rFire   . . .      SeeInvis .   p - +0 halberd
rCold   . . .      Faith    .   (shield currently unavailable)
rNeg    . . .      Spirit   .   m - +0 leather armour
rPois   .          Reflect  .   l - +0 helmet
rElec   .          Harm     .   (no cloak)
rCorr   .          Rampage  .   (no gloves)
Will    +....                   (no boots)
Stlth   ++........              (no amulet)
HPRegen 0.08/turn               n - ring of willpower
MPRegen 0.10/turn               (no ring)

@: no status effects
A: rugged brown scales 1
a: no special abilities


You were on level 1 of the Dungeon.
You visited 1 branch of the dungeon, and saw 2 of its levels.

You collected 5 gold pieces.

Inventory:

Hand Weapons
 d - a +0 spear
 h - a +0 trident
 o - a +0 hunting sling
 p - a +0 halberd (weapon)
Missiles
 b - 86 stones
 j - 5 atropa-tipped darts
Armour
 a - a +0 robe
 l - a +0 helmet (worn)
 m - a +0 leather armour (worn)
Jewellery
 n - a ring of willpower (left hand)
Scrolls
 f - 2 scrolls of identify {unknown}
 g - a scroll of teleportation {unknown}
 i - a scroll of blinking {unknown}
 k - a scroll of silence {unknown}
Potions
 c - a potion of curing {unknown}
 e - a potion of mutation {unknown}


   Skills:
 + Level 0.4 Polearms
 + Level 0.1 Armour
 + Level 2.1 Dodging
 + Level 2.1 Stealth
 + Level 2.1 Spellcasting
 + Level 1.6 Conjurations
 + Level 3.3 Fire Magic


You had 5 spell levels left.
You knew the following spells:

 Your Spells              Type           Power      Damage    Failure   Level
a - Foxfire               Conj/Fire      36%        2x1d5     10%         1

Your spell library contained the following spells:

 Spells                   Type           Power      Damage    Failure   Level
 Scorch                   Fire           24%        2d6       11%         2
 Conjure Flame            Conj/Fire      9%         6-21      30%         3
 Inner Flame              Hex/Fire       7%         N/A       38%         3
 Flame Wave               Conj/Fire      9%         2d5       69%         4


Dungeon Overview and Level Annotations

Branches:
Dungeon (2/15)

Altars:


Innate Abilities, Weirdness & Mutations

You are partially covered in rugged brown scales. (AC +1, +3% HP)


Message History

Okay, then.
Unknown command.
Unknown command.
You see here a bat skeleton.
There is a stone staircase leading up, spattered with blood here.
You climb upwards.
There is a stone staircase leading down, spattered with blood here.
There is an open door here.
There is an open door here.
There is an open door here.
Welcome back, jlumianski the Demonspawn Fire Elementalist.
Press ? for a list of commands and other information.
Welcome back, jlumianski the Demonspawn Fire Elementalist.
Press ? for a list of commands and other information.
The gnoll hits you with a +0 halberd!
* * * LOW HITPOINT WARNING * * *
The gnoll closely misses you.
There is an open door here.
There is an open door here.
There is a shaft here.
Casting: Foxfire (safe; 10% risk of failure)
Confirm with . or Enter, or press ? or * to list all spells.
You conjure some foxfire!
The foxfire hits the gnoll.
The gnoll is lightly wounded.
The foxfire hits the gnoll.
The gnoll is moderately wounded.
The gnoll closely misses you.
Casting: Foxfire (safe; 10% risk of failure)
Confirm with . or Enter, or press ? or * to list all spells.
You conjure some foxfire!
The gnoll hits you from afar with a +0 halberd.
The foxfire hits the gnoll.
The gnoll is heavily wounded.
The foxfire hits the gnoll.
The gnoll is severely wounded.
The gnoll hits you from afar with a +0 halberd!
Ouch! That really hurt!
You die...

#.###.#######..... #.#
#.# #..... #.# #.#
#..... #.# #.# #.....
#######.# #.# ###'####
#.......# #.# #.......
######### #.# #.......
######### #.#####.......
#.....ยง@#
###..####.....
##.####.###....^#####.##
#.# #g##....^..## #.#
#.# #.#.........###g#
#.# #.#...^...^..##.#
### #............##'##
###.....>.......).
#....^....#.....
##^......##.....


You could see a gnoll.

Vanquished Creatures
  3 gnolls
  A worm (D:2)
  2 bats (D:2)
  3 endoplasms (D:1)
  4 giant cockroaches
  A quokka (D:1)
  A ball python (D:1)
  2 goblins (D:1)
  A kobold (D:1)
  2 rats (D:1)
20 creatures vanquished.

Vanquished Creatures (others)
  46 foxfires
46 creatures vanquished.

Grand Total: 66 creatures vanquished

Notes
Turn   | Place    | Note
-------+----------+-------------------------------------------
     0 | D:1      | jlumianski the Demonspawn Fire Elementalist began the quest
                  | for the Orb.
     0 | D:1      | Reached XP level 1. HP: 13/13 MP: 3/3
   400 | D:1      | Found a faded altar of an unknown god.
   479 | D:1      | Reached skill level 3 in Fire Magic
   495 | D:1      | Gained mutation: You are partially covered in rugged brown
                  | scales. (AC +1, +3% HP) [demonic ancestry]
   495 | D:1      | Reached XP level 2. HP: 11/19 MP: 1/5
  1369 | D:1      | Reached XP level 3. HP: 15/24 MP: 3/6
  1742 | D:1      | Upgraded the game from 0.29-a0-194-g6e3aafee17 to
                  | 0.29-a0-207-gf982a884d8
  1823 | D:1      | Slain by a gnoll

Illustrated notes

Levels and vault maps discovered:
D:1:      dpeg_arrival_simpleton_a, layout_basic, ebering_ecumenical_altar_webs,
          nicolae_wormholes
D:2:      layout_loops_ring, serial_shops, shop, minmay_close_crescents

Skill      XL: |  1  2 |
---------------+-------+-----
Dodging        | 2 |  2.1
Fire Magic     | 3 |  3.3
Stealth        | 2 |  2.1
Polearms       | |  0.4
Armour         | |  0.1
Spellcasting   | |  2.1
Conjurations   | |  1.6

Action                   || total
-------------------------++-------
Melee: Spear             ||    55
       Unarmed           ||     3
 Cast: Foxfire           ||    27
 Stab: Sleeping          ||     2
Armor: Robe              ||    16
       Leather armour    ||     6
Dodge: Dodged            ||    45

Table legend: (Time is in decaauts)
 A = Elapsed time spent in this place.
 B = Non-inter-level travel time spent in this place.
 C = Inter-level travel time spent in this place.
 D = Time resting spent in this place.
 E = Time spent auto-exploring this place.
 F = Levels seen in this place.
 G = Mean time per level.
                   A        B        C        D        E       F      G
               +--------+--------+--------+--------+--------+-----+--------+
         Total |   1830 |   1811 |     19 |     26 |   1077 |   2 |  915.0 |
       Dungeon |   1830 |   1811 |     19 |     26 |   1077 |   2 |  915.0 |
               +--------+--------+--------+--------+--------+-----+--------+

Top non-repeatable levels by time:
     D:1: 1714 daAuts
     D:2: 115 daAuts
